 Dungeon Crawl Stone Soup version 0.30-a0-860-g512cf1e979 (webtiles) character file.

Game seed: 16289777963953421663

39 Darius099 the Caller (level 3, -1/21 HPs)
             Began as an Octopode Summoner on Mar 7, 2023.
             Slain by a quokka (2 damage)
             ... on level 2 of the Dungeon.
             The game lasted 00:03:29 (1456 turns).

Darius099 the Caller (Octopode Summoner)            Turns: 1456, Time: 00:03:31

Health: -1/21      AC:  1    Str:  7    XL:     3   Next: 47%
Magic:  12/15      EV: 13    Int: 25    God:
Gold:   35         SH:  0    Dex: 12    Spells: 6/7 levels left

rFire   . . .      SeeInvis .    (no weapon)
rCold   . . .      Faith    .    (no shield)
rNeg    . . .      Spirit   .    (helmet restricted)
rPois   .          Reflect  .    (no amulet)
rElec   .          Rampage  .    c - +6 ring of intelligence
rCorr   .                        f - ring of magical power
Will    .....                    (no ring)
Stlth   +++                      (no ring)
HPRegen 0.23/turn                (no ring)
MPRegen 0.14/turn                (no ring)
                                 (no ring)
                                 (no ring)

@: no status effects
A: almost no armour, amphibious, 8 rings, camouflage 1, gelatinous body 1,
(nimble swimmer 1), tentacles
a: no special abilities


You were on level 2 of the Dungeon.
You visited 1 branch of the dungeon, and saw 2 of its levels.

You collected 35 gold pieces.

Inventory:

Missiles
 h - 2 throwing nets
Jewellery
 c - a +6 ring of intelligence (left tentacle)
 f - a ring of magical power (right tentacle)
Scrolls
 d - a scroll of teleportation {unknown}
 e - a scroll of vulnerability {unknown}
Potions
 a - a potion of magic
 b - a potion of ambrosia {unknown}
 g - 2 potions of curing {unknown}
 i - a potion of attraction {unknown}
 j - a potion of lignification {unknown}


   Skills:
 - Level 2.1 Dodging
 + Level 3.7 Stealth
 + Level 2.5 Spellcasting
 + Level 4.3 Summonings


You had 6 spell levels left.
You knew the following spells:

 Your Spells              Type           Power      Damage    Failure   Level
a - Summon Small Mammal   Summ           96%        N/A       1%          1

Your spell library contained the following spells:

 Spells                   Type           Power      Damage    Failure   Level
 Call Imp                 Summ           24%        N/A       2%          2
 Call Canine Familiar     Summ           24%        N/A       5%          3
 Apportation              Tloc           6%         N/A       11%         1
 Summon Guardian Golem    Hex/Summ       14%        N/A       13%         3
 Summon Lightning Spire   Summ/Air       14%        N/A       41%         4
 Alistair's Intoxication  Tmut/Pois      2%         N/A       96%         5


Dungeon Overview and Level Annotations

Branches:
Dungeon (2/15)

Altars:


Innate Abilities, Weirdness & Mutations

You cannot wear most types of armour.
You are amphibious.
You can wear up to eight rings at the same time.
Your skin changes colour to match your surroundings (Stealth+).
Your rubbery body absorbs attacks. (AC +1, EV +1)
((You are camouflaged when in or above water. (Stealth+)))
You have tentacles for arms and can constrict up to eight enemies at once.


Message History

You feel sick.
Casting: Summon Small Mammal (safe; 1% risk of failure)
Confirm with . or Enter, or press ? or * to list all spells.
You miscast Summon Small Mammal.
You are very lightly contaminated with residual magic.
Nothing appears to happen.
You feel sick. The quokka closely misses you. The quokka bites you.
Casting: Summon Small Mammal (safe; 1% risk of failure)
Confirm with . or Enter, or press ? or * to list all spells.
You feel sick.
You are no longer poisoned.
The quokka closely misses you. The quokka attacks as you move away!
The quokka bites you.
* * * LOW HITPOINT WARNING * * *
The quokka attacks as you move away! The quokka barely misses you.
Your rat bites the quokka.
A ball python comes into view.
Your rat closely misses the quokka.
The ball python moves out of view.
An endoplasm comes into view.
The quokka closely misses you.
A rat comes into view.
The ball python bites your rat.
Your rat dies!
Your rat's corpse disappears in a puff of smoke!
Your magical contamination has completely faded away.
The quokka attacks as you move away! The quokka closely misses you.
Casting: Summon Small Mammal (safe; 1% risk of failure)
Confirm with . or Enter, or press ? or * to list all spells.
The quokka barely misses you. The quokka attacks as you move away!
The quokka barely misses you.
Found 4 poisoned darts.
Your bat hits the rat.
Your bat closely misses the rat.
The rat misses your bat.
Casting: Summon Small Mammal (safe; 1% risk of failure)
Confirm with . or Enter, or press ? or * to list all spells.
Your bat hits the rat but does no damage.
The quokka bites you.
* * * LOW HITPOINT WARNING * * *
Your bat misses the quokka. The rat closely misses your bat.
Your bat closely misses the rat.
The quokka bites you.
You die...

#.#.r ?.. . #...#.... ..
..##.#.#.#. #. ##
.....#....... .. . ..
#.#r#.##.###. #. ..
#....K...... .. ..
#.#.##.###.# .#
..##.#.##.###g####..##.(
.......†.....gSr@r..J...
..<...).###.#.##b.#.##..
.......## #...##.r..#
.........##.######.....
.....##...... ......
...... ...... ....##
.............. .#..#
.....##....... .##..
.....##........


You could see an endoplasm (asleep), a quokka (ally target), 2 goblins, a ball
python, a rat (distracted, ally target), a friendly quokka (summoned) and a
friendly bat (summoned).

Vanquished Creatures
  An adder (D:2)
  2 dart slugs (D:1)
  An endoplasm (D:1)
  2 giant cockroaches
  2 goblins (D:1)
  3 hobgoblins (D:1)
  3 jackals (D:1)
  2 ball pythons (D:1)
  4 bats (D:1)
  A frilled lizard (D:1)
  2 kobolds (D:1)
  2 rats (D:1)
25 creatures vanquished.

Notes
Turn   | Place    | Note
-------+----------+-------------------------------------------
     0 | D:1      | Darius099 the Octopode Summoner began the quest for the
                  | Orb.
     0 | D:1      | Reached XP level 1. HP: 11/11 MP: 3/3
   252 | D:1      | Reached XP level 2. HP: 13/17 MP: 5/5
   924 | D:1      | Reached XP level 3. HP: 15/21 MP: 6/6
  1456 | D:2      | HP: 1/21 [quokka (5)]
  1456 | D:2      | Slain by a quokka

Illustrated notes

Levels and vault maps discovered:
D:1:      onia_arrival_pyramid, layout_basic, minmay_tromino_i4
D:2:      layout_rooms, serial_shops, nicolae_shop_competitors_out_of_business,
          basic_altar, minmay_diced_spiral

Skill      XL: |  1 |
---------------+----+-----
Stealth        | 3 |  3.7
Dodging        | |  2.1
Spellcasting   | |  2.5
Summonings     | |  4.3

Action                     || total
---------------------------++-------
  Melee: Unarmed           ||    81
         Constrict         ||    21
         Tentacles         ||    18
         Punch             ||     1
   Cast: Summon Small Mamm ||     3
   Stab: Sleeping          ||     8
 Armour: Skin              ||    14
  Dodge: Dodged            ||    52

Table legend: (Time is in decaauts)
 A = Elapsed time spent in this place.
 B = Non-inter-level travel time spent in this place.
 C = Inter-level travel time spent in this place.
 D = Time resting spent in this place.
 E = Time spent auto-exploring this place.
 F = Levels seen in this place.
 G = Mean time per level.
                   A        B        C        D        E       F      G
               +--------+--------+--------+--------+--------+-----+--------+
         Total |   1454 |   1413 |     41 |    298 |    744 |   2 |  727.0 |
       Dungeon |   1454 |   1413 |     41 |    298 |    744 |   2 |  727.0 |
               +--------+--------+--------+--------+--------+-----+--------+

Top non-repeatable levels by time:
     D:1: 1425 daAuts
     D:2: 29 daAuts
